 Dungeon Crawl Stone Soup version 0.27-a0-242-ge0fc76b88b (webtiles) character file.

Game seed: 14092591255340250865

2312 Borgoz the Slasher (level 9, -2/77 HPs)
             Began as a Ghoul Gladiator on Feb 3, 2021.
             Was an Initiate of Ashenzari.
             Slain by an unseen horror (6 damage)
             ... on level 8 of the Dungeon.
             The game lasted 00:12:18 (7155 turns).

Borgoz the Slasher (Ghoul Gladiator)                Turns: 7155, Time: 00:12:18

Health: -2/77      AC:  9    Str: 14 (18) XL:     9   Next: 41%
Magic:  8/8        EV: 13    Int:  1 (3)  God:    Ashenzari [......]
Gold:   123        SH:  0    Dex: 12 (13) Spells: 8/8 levels left

rFire    . . .     SeeInvis .   w - +4 scimitar
rCold    + . .     Faith    .   (no shield)
rNeg     + + +     Spirit   .   j - +0 ring mail
rPois    ∞         Reflect  .   c - +1 helmet
rElec    .         Harm     .   r - +0 cloak
rCorr    .         Rampage  .   (no gloves)
Will     +....                  (no boots)
Stlth    +.........             s - amulet of regeneration
HPRegen  0.00/turn              o - ring of willpower
MPRegen  0.11/turn              (no ring)

@: hasted, very quick
A: claws 1, cold resistance 1, negative energy resistance 3, inhibited
regeneration, torment resistance, unbreathing
a: Renounce Religion, Curse Item


You were on level 8 of the Dungeon.
You worshipped Ashenzari.
Ashenzari was noncommittal.
You visited 2 branches of the dungeon, and saw 9 of its levels.

You collected 390 gold pieces.
You spent 267 gold pieces at shops.

Inventory:

Hand Weapons
 b - a +1 dagger of venom
 k - the +1 dagger "Lailyzez" {vorpal, MP-9 Str+2 Int+3}
   (You took it off a wight on level 7 of the Dungeon)

   It inflicts extra damage upon your enemies.
   It affects your strength (+2).
   It affects your intelligence (+3).
   It affects your magic capacity (-9).
 w - a +4 scimitar (weapon)
Missiles
 d - 2 throwing nets (quivered)
Armour
 c - a +1 helmet (worn)
 j - a +0 ring mail (worn)
 r - a +0 cloak (worn)
Jewellery
 h - an uncursed ring of flight
 o - a ring of willpower (left claw)
 q - the ring of Ovoss {*Tele rElec Int+3 Stlth-}
   (You bought it in a shop on level 6 of the Dungeon)

   [ring of teleportation]

   It may teleport you next to monsters.
   It affects your intelligence (+3).
   It insulates you from electricity.
   It makes you less stealthy.
 s - an amulet of regeneration (around neck)
 x - an uncursed ring of see invisible
Wands
 u - a wand of iceblast (8)
Scrolls
 f - 3 scrolls of enchant armour
 l - 3 scrolls of fog
 m - a scroll of teleportation
 t - 2 scrolls of magic mapping
 y - a scroll of enchant weapon
Potions
 a - a potion of flight {unknown}
 e - a potion of mutation
 i - 3 potions of degeneration
 n - a potion of might
 p - 3 potions of haste
 v - a potion of magic {unknown}


   Skills:
 + Level 6.3 Fighting
 * Level 7.6 Long Blades
 - Level 1.7 Throwing
 + Level 4.7 Armour
 + Level 5.7 Dodging


You had 8 spell levels left.
You didn't know any spells.
Your spell library contained the following spells:

 Spells                   Type           Power        Failure   Level
 Corona                   Hex            0%           80%         1
 Summon Small Mammal      Summ           0%           80%         1
 Call Imp                 Summ           0%           90%         2
 Slow                     Hex            0%           90%         2
 Call Canine Familiar     Summ           0%           99%         3
 Inner Flame              Hex/Fire       0%           99%         3
 Portal Projectile        Hex/Tloc       0%           99%         3
 Summon Guardian Golem    Hex/Summ       0%           99%         3
 Cause Fear               Hex            0%           100%        4
 Leda's Liquefaction      Hex/Erth       0%           100%        4
 Summon Ice Beast         Ice/Summ       0%           100%        4
 Summon Lightning Spire   Summ/Air       0%           100%        4


Dungeon Overview and Level Annotations

Branches:
Dungeon (8/15)             Temple (1/1) D:7
   Lair: D:8-11

Altars:
Ashenzari
Cheibriados
Elyvilon
Fedhas
Gozag
Hepliaklqana
Kikubaaqudgha
Nemelex Xobeh
Okawaru
Qazlal
Sif Muna
Trog
Uskayaw
Vehumet
Wu Jian
Xom
Yredelemnul
Zin
The Shining One

Shops:
D:6 *?*((

Portals:
Bailey: D:8


Innate Abilities, Weirdness & Mutations

You thrive by killing the living.
You are immune to poison.
You have sharp fingernails.
Your flesh is cold resistant. (rC+)
You are immune to negative energy. (rN+++)
You do not regenerate when monsters are visible.
You are immune to unholy pain and torment.
You can survive without breathing.


Message History

You feel weakened.
Your body decomposes!
You feel weakened.
Your body decomposes!
You feel dopey. Something hits you.
* * * LOW HITPOINT WARNING * * *
You miss something. Something hits you but does no damage. Something hits you.
* * * LOW HITPOINT WARNING * * *
You miss something. Something hits you.
* * * LOW HITPOINT WARNING * * *
You swing at nothing.
Something hits you.
* * * LOW HITPOINT WARNING * * *
You hit something. Something hits you.
* * * LOW HITPOINT WARNING * * *
You swing at nothing.
Something hits you but does no damage.
You miss something. Something hits you.
* * * LOW HITPOINT WARNING * * *
Something hits you.
You die...

+.......#.# #
#.......#.# .# #
#.......#.# .# #
#.......#.##.####
#
#.......#..#.....
# #.........# #
#.≈≈≈≈≈..## #
#{≈...≈..# #
#@≈>∩.≈.## #
####.≈...≈..# #
.....≈≈≈≈≈..# #
.##...((((.# #
#######..# # #.##
# #.# # #.# #
##############.#
#


There were no monsters in sight!

Vanquished Creatures
  Prince Ribbit (D:6)
  Menkaure (D:5)
  2 ice beasts
  3 sky beasts
  2 ogres
  A phantom (D:6)
  2 bullfrogs
  A water moccasin skeleton (D:6)
  A scorpion (D:7)
  6 wights (D:7)
  A howler monkey (D:4)
  3 hounds
  A quasit (D:6)
  2 centaur skeletons
  4 orc wizards
  Natasha (thrice) (D:3)
  2 iguanas
  4 worker ants
  A killer bee zombie (D:5)
  A hound skeleton (D:7)
  A worker ant zombie (D:6)
  4 adders
  3 gnolls (D:5)
  2 shadow imps (D:6)
  2 white imps
  An ufetubus (D:5)
  An adder zombie (D:7)
  6 worms
  2 dart slugs
  2 leopard geckos (D:4)
  25 orcs
  8 bats
  5 giant cockroaches
  16 goblins
  6 hobgoblins
  A quokka (D:3)
  2 ball pythons
  A ball python skeleton (D:5)
  9 frilled lizards
  A giant cockroach zombie (D:5)
  4 kobolds
  A quokka zombie (D:5)
  14 rats
159 creatures vanquished.

Vanquished Creatures (others)
  A hound (D:7)
  An adder (D:7)
  An orc (D:7)
3 creatures vanquished.

Grand Total: 162 creatures vanquished

Notes
Turn   | Place    | Note
-------+----------+-------------------------------------------
     0 | D:1      | Borgoz the Ghoul Gladiator began the quest for the Orb.
     0 | D:1      | Reached XP level 1. HP: 17/17 MP: 0/0
   162 | D:1      | Reached XP level 2. HP: 25/25 MP: 1/1
   387 | D:1      | Reached skill level 3 in Long Blades
   949 | D:2      | Reached XP level 3. HP: 30/30 MP: 2/2
  1129 | D:2      | Reached skill level 1 in Armour
  1142 | D:2      | Found a glowing golden altar of the Shining One.
  1371 | D:2      | You fall into a shaft and drop 1 floor!
  1385 | D:3      | Reached XP level 4. HP: 29/37 MP: 3/3
  1478 | D:3      | Noticed a bullfrog
  1489 | D:3      | Killed a bullfrog
  1490 | D:3      | Reached XP level 5. HP: 30/45 MP: 4/4
  1713 | D:3      | Noticed Natasha
  1732 | D:3      | Killed Natasha
  1733 | D:3      | Reached skill level 4 in Long Blades
  2018 | D:3      | Noticed Natasha
  2030 | D:3      | Killed Natasha
  2047 | D:3      | Noticed Natasha
  2066 | D:3      | Killed Natasha
  2273 | D:3      | Reached XP level 6. HP: 51/51 MP: 5/5
  2275 | D:3      | Found a white marble altar of Elyvilon.
  2943 | D:4      | Found a sparkling altar of Nemelex Xobeh.
  3370 | D:5      | Entered Level 5 of the Dungeon
  3370 | D:5      | Noticed a sky beast
  3373 | D:5      | Noticed Menkaure
  3390 | D:4      | Reached XP level 7. HP: 45/59 MP: 6/6
  3433 | D:4      | Reached skill level 5 in Long Blades
  3463 | D:5      | Killed Menkaure
  3810 | D:5      | Reached XP level 8. HP: 63/67 MP: 7/7
  4003 | D:5      | Reached skill level 5 in Fighting
  4021 | D:5      | Reached skill level 6 in Long Blades
  4260 | D:6      | Found Ichiz's Assorted Antiques.
  4346 | D:6      | Bought an ancient jade ring for 170 gold pieces
  4346 | D:6      | Bought 2 pink potions for 61 gold pieces
  4348 | D:6      | Identified the ring of Ovoss {*Tele rElec Int+3 Stlth-}
                  | (You bought it in a shop on level 6 of the Dungeon)
  4399 | D:6      | Found a shimmering blue altar of Sif Muna.
  4575 | D:6      | Found Vara's Weapon Emporium.
  4670 | D:6      | Noticed Prince Ribbit
  4684 | D:6      | Killed Prince Ribbit
  4685 | D:6      | Reached skill level 5 in Dodging
  4744 | D:6      | Found Juntydd's Magic Scroll Boutique.
  4878 | D:6      | Bought a scroll of remove curse for 36 gold pieces
  4901 | D:6      | Found Gaasemyjig's Assorted Antiques.
  5217 | D:6      | Found Ydumn's Antique Weapon Emporium.
  5885 | D:7      | Noticed a moth of wrath
  5887 | D:7      | Found a bloodstained altar of Trog.
  5971 | D:7      | Found a staircase to the Ecumenical Temple.
  5981 | D:7      | Reached skill level 7 in Long Blades
  5981 | D:7      | Reached XP level 9. HP: 75/75 MP: 8/8
  5990 | Temple   | Entered the Ecumenical Temple
  6058 | Temple   | Became a worshipper of Ashenzari the Shackled
  6254 | D:7      | Found a shimmering altar of Xom.
  6506 | D:7      | Identified the +1 dagger "Lailyzez" {vorpal, MP-9 Str+2
                  | Int+3}
  6561 | D:7      | HP: 3/75 [worker ant (7)]
  7103 | D:8      | Found a flagged portal.
  7155 | D:8      | Slain by an unseen horror

Illustrated notes

Levels and vault maps discovered:
D:1:      minmay_arrival_loop, layout_loops_ring, kennysheep_flooded_box
D:2:      layout_rooms, general_overflow_altar, corner_web_ring
D:3:      layout_rooms, elyvilon_altar_1, uniq_natasha
D:4:      layout_cave_pods, nemelex_xobeh_ov_fountains_minmay
D:5:      layout_cave_pools, uniq_menkaure
D:6:      layout_layer_cave, lemuel_crystal_altar, serial_shops,
          kennysheep_little_box, shop, kennysheep_mini_moat, shop,
          nicolae_shop_behind_doors, grunt_decor_arrowhead, uniq_prince_ribbit1
D:7:      layout_loops_ring, tgw_trog, xom_confusion_cloud,
          minmay_temple_entry_large_hall
D:8:      layout_basic, kennysheep_mini, enter_bailey_5
Temple:   cyrus_circular_temple

Skill      XL: |  1  2  3  4  5  6  7  8  9 |
---------------+----------------------------+-----
Long Blades    | 3 4 5 7 |  7.6
Dodging        | 3 4 5 |  5.7
Armour         | 1 2 3 4 |  4.7
Fighting       | 3 4 5 6 |  6.3
Throwing       | |  1.7

Action                   |  1- 3 |  4- 6 |  7- 9 || total
-------------------------+-------+-------+-------++-------
Melee: Long sword        |    70 |       |   137 ||   207
       Dagger            |    71 |   217 |   274 ||   562
       Scimitar          |       |       |    27 ||    27
Throw: Throwing net      |       |     1 |     8 ||     9
  Use: Scroll            |     1 |       |    14 ||    15
       Potion            |       |     1 |     8 ||     9
 Stab: Held in net/web   |       |     1 |     3 ||     4
Armor: Leather armour    |    23 |       |       ||    23
       Ring mail         |    51 |    91 |   176 ||   318
Dodge: Dodged            |   109 |   131 |   310 ||   550
       Rpst.: Long sword |    18 |       |    30 ||    48
       Scimitar          |       |       |     6 ||     6

Table legend: (Time is in decaauts)
 A = Elapsed time spent in this place.
 B = Non-inter-level travel time spent in this place.
 C = Inter-level travel time spent in this place.
 D = Time resting spent in this place.
 E = Time spent auto-exploring this place.
 F = Levels seen in this place.
 G = Mean time per level.
                   A        B        C        D        E       F      G
               +--------+--------+--------+--------+--------+-----+--------+
         Total |   7099 |   6565 |    534 |    670 |   4329 |   9 |  788.8 |
       Dungeon |   7021 |   6496 |    525 |    670 |   4277 |   8 |  877.6 |
        Temple |     77 |     68 |      9 |      0 |     52 |   1 |   77.0 |
               +--------+--------+--------+--------+--------+-----+--------+

Top non-repeatable levels by time:
     D:6: 1370 daAuts
     D:3: 1210 daAuts
     D:7: 1032 daAuts
     D:1: 964 daAuts
     D:4: 919 daAuts
     D:5: 744 daAuts
     D:2: 563 daAuts
     D:8: 216 daAuts
  Temple: 77 daAuts
